 Dungeon Crawl Stone Soup version 0.24.0-123-gd5b16e6ec5 (webtiles) character file.

Game seed: 5465443429507303759, levelgen mode: deterministic

81 Jynx the Cudgeler (level 4, 0/39 HPs)
             Began as a Minotaur Fighter on Jan 18, 2020.
             Succumbed to a goblin's poison
             ... on level 2 of the Dungeon.
             The game lasted 00:02:36 (1625 turns).

Jynx the Cudgeler (Minotaur Fighter)                Turns: 1625, Time: 00:02:37

Health: 0/39       AC: 10    Str: 21    XL:     4   Next: 20%
Magic:  3/3        EV:  7    Int: 10    God:
Gold:   105        SH:  0    Dex: 10    Spells: 3/3 levels left

rFire    . . .     SeeInvis .   a - +0 flail
rCold    . . .     Gourm    .   (no shield)
rNeg     . . .     Faith    .   m - +0 chain mail
rPois    .         Spirit   .   (helmet restricted)
rElec    .         Reflect  .   p - +0 cloak
rCorr    .         Harm     .   (no gloves)
MR       .....                  (no boots)
Stlth    ..........             (no amulet)
HPRegen  0.13/turn              (no ring)
MPRegen  0.08/turn              (no ring)

@: brilliant, lethally poisoned (0 -> -10), hasted, very quick
A: retaliatory headbutt, horns 2
a: no special abilities


You were on level 2 of the Dungeon.
You were not hungry.

You visited 1 branch of the dungeon, and saw 2 of its levels.

You collected 105 gold pieces.

Inventory:

Hand Weapons
 a - a +0 flail (weapon)
Armour
 c - a +0 shield
 m - a +0 chain mail (worn)
 p - a +0 cloak (worn)
Scrolls
 e - a scroll of enchant armour {unknown}
 i - 2 scrolls of identify {unknown}
 j - 2 scrolls of remove curse {unknown}
 l - a scroll of noise {unknown}
 n - 2 scrolls of amnesia {unknown}
 o - a scroll of teleportation {unknown}
Potions
 d - 2 potions of might
Comestibles
 b - 2 chunks of flesh
 f - 3 rations


   Skills:
 - Level 3.6 Fighting
 + Level 5.5 Maces & Flails
 - Level 3.6 Armour
 - Level 3.6 Shields


You had 3 spell levels left.
You didn't know any spells.
Your spell library was empty.

Dungeon Overview and Level Annotations

Branches:
Dungeon (2/15)

Altars:


Innate Abilities, Weirdness & Mutations

You reflexively headbutt those who attack you in melee.
You have a pair of horns on your head.


Message History

You feel sick.
* * * LOW HITPOINT WARNING * * *
You feel sick.
* * * LOW HITPOINT WARNING * * *
You feel sick.
* * * LOW HITPOINT WARNING * * *
You feel sick.
* * * LOW HITPOINT WARNING * * *
You feel sick.
* * * LOW HITPOINT WARNING * * *
You feel sick.
* * * LOW HITPOINT WARNING * * *
You feel sick.
* * * LOW HITPOINT WARNING * * *
You feel sick.
* * * LOW HITPOINT WARNING * * *
You feel sick.
* * * LOW HITPOINT WARNING * * *
You feel sick.
You die...

#.#.# #........#
#.#'####........##
#................#
#.....####.......# #.....#
#.......###### #.....#
#.......##...# #.#####
#.....))##...# #.# #.....)(##...#
#.########.^...)@##...#######..
#.†...............÷.........(..
#################.÷....).########
############...........
......g.gg......#######.
#...#..)#ggg#...# #.
.......(..gg....# #.
#...#...#g..##### #.
.............# ###'


There were no monsters in sight!

Vanquished Creatures
  Robin (D:2)
  2 adders (D:2)
  A worm (D:2)
  A dart slug (D:2)
  A leopard gecko (D:1)
  A ball python (D:1)
  5 bats
  16 goblins
  3 hobgoblins
  2 jackals (D:2)
  A frilled lizard (D:2)
  8 kobolds
  5 rats
47 creatures vanquished.

Notes
Turn   | Place    | Note
-------+----------+-------------------------------------------
     0 | D:1      | Jynx the Minotaur Fighter began the quest for the Orb.
     0 | D:1      | Reached XP level 1. HP: 19/19 MP: 0/0
   309 | D:1      | Reached skill level 3 in Maces & Flails
   357 | D:1      | Reached XP level 2. HP: 25/26 MP: 1/1
  1196 | D:2      | Reached skill level 4 in Maces & Flails
  1318 | D:2      | Reached XP level 3. HP: 31/31 MP: 2/2
  1460 | D:2      | Reached skill level 5 in Maces & Flails
  1567 | D:2      | Noticed Robin
  1593 | D:2      | Reached XP level 4. HP: 32/39 MP: 3/3
  1598 | D:2      | Killed Robin
  1624 | D:2      | HP: 1/39 [poisoned by a goblin]
  1625 | D:2      | Succumbed to a goblin's poison

Levels and vault maps discovered:
D:1:      dpeg_arrival_yet_another_circle, layout_basic, hangedman_decor_points
D:2:      layout_basic, lemuel_coloured_pillars_altar, uniq_robin

Skill      XL: |  1  2  3 |
---------------+----------+-----
Maces & Flails | 3 4 5 |  5.5
Fighting       | |  3.6
Armour         | |  3.6
Shields        | |  3.6

Action                   |  1- 3 |  4- 6 || total
-------------------------+-------+-------++-------
Melee: Flail             |    96 |     9 ||   105
       Headbutt          |    11 |     1 ||    12
  Use: Potion            |       |     3 ||     3
  Eat: Chunk             |     2 |       ||     2
Armor: Scale mail        |    12 |       ||    12
       Chain mail        |    50 |     7 ||    57
Dodge: Dodged            |    36 |     4 ||    40
Block: Shield            |    19 |       ||    19
